 Dungeon Crawl Stone Soup version 0.31-a0-1338-gb567cfdca4 (webtiles) character file.

Game seed: 16955191274041083466

4442 jlumianski the Grappler (level 10, -9/76 HPs)
             Began as a Gnoll Shapeshifter on Dec 23, 2023.
             Was a Believer of Wu Jian.
             Mangled by a vault guard
             ... wielding a +0 broad axe
              (25 damage)
             ... in a bailey.
             The game lasted 00:35:32 (5925 turns).

jlumianski the Grappler (Gnoll Shapeshifter)        Turns: 5925, Time: 00:35:32

Health: -9/76      AC: 13    Str: 17    XL:     10   Next: 37%
Magic:  18/18      EV: 14    Int: 18    God:    Wu Jian [**....]
Gold:   361        SH:  5    Dex: 11    Spells: 16/19 levels left

rFire   . .          .
                       - Unarmed
rCold   . . .        (no shield)
rNeg    . . .        A - +7 toga "Victory" {*Victory Int+7 Slay+7 Clar}
rPois   .            (helmet currently unavailable)
rElec   .            (cloak currently unavailable)
rCorr   .            (gloves currently unavailable)
SInv    .            (boots currently unavailable)
Will    .....        F - amulet of reflection
Stlth   +++          i - +4 ring of protection
HPRegen 0.32/turn    H - ring of wizardry
MPRegen 0.16/turn

%: reflection, clarity, wizardry (x1)
@: beast-form
A: beast (slay +4), fangs 1, strong nose, distributed training
a: Begin Untransformation, Renounce Religion, Wall Jump


You were in a bailey.
You worshipped Wu Jian.
Wu Jian was pleased with you.
You were a hulking beast.
You visited 2 branches of the dungeon, and saw 8 of its levels.
You also visited: Bailey.

You collected 361 gold pieces.

Inventory:

Hand Weapons
 M - a +0 broad axe
Missiles
 r - 6 poisoned darts (quivered)
 y - a throwing net
 E - 2 datura-tipped darts
 K - 9 boomerangs
Armour
 a - a +0 animal skin
 e - a +0 buckler
 f - a +0 pair of boots
 h - a +0 ring mail
 j - a +2 pair of gloves
 k - a +0 plate armour
 w - a +0 helmet
 A - the +7 toga "Victory" (worn) {*Victory Int+7 Slay+7 Clar}
   (You found it on level 3 of the Dungeon)

   *Victory:  When the wearer kills a threatening monster, it has a chance to
   gain +1 AC, +1 Slay, and +1 Int, capping at +7.
   When the wearer uses a scroll or a potion with a hostile monster in sight,
   its bonuses reset to +0.
   Unequipping it also resets its bonuses to +0.
   Int+7:     It affects your intelligence (+7).
   Slay+7:    It affects your accuracy & damage with ranged weapons and melee
   (+7).
   Clar:      It protects you from confusion, rage, mesmerisation and fear.
 B - a +0 plate armour
Jewellery
 i - a +4 ring of protection (left hand)
 F - an amulet of reflection (around neck)
 G - a ring of magical power
 H - a ring of wizardry (right hand)
 J - a ring of see invisible
Talismans
 c - a beast talisman
 d - a flux talisman
Wands
 q - a wand of quicksilver (13)
 s - a wand of polymorph (16)
 v - a wand of iceblast (13)
 I - a wand of flame (59)
Scrolls
 l - 2 scrolls of teleportation
 m - a scroll of enchant weapon
 n - a scroll of fog
 o - a scroll of noise
 p - 4 scrolls of blinking
 t - 2 scrolls of amnesia {unknown}
 u - 2 scrolls of immolation {unknown}
 D - a scroll of fear
 L - a scroll of vulnerability {unknown}
Potions
 b - a potion of lignification
 g - 2 potions of might
 x - a potion of mutation
 z - a potion of heal wounds {unknown}
 C - 2 potions of curing {unknown}


   Skills:
 + Level 6.0 Fighting
 + Level 5.4 Short Blades
 + Level 5.4 Long Blades
 + Level 5.4 Axes
 + Level 5.4 Maces & Flails
 + Level 5.4 Polearms
 + Level 5.4 Staves
 + Level 5.4 Ranged Weapons
 + Level 5.4 Throwing
 + Level 5.4 Armour
 + Level 7.2 Dodging
 + Level 5.4 Stealth
 + Level 5.4 Shields
 + Level 8.6 Unarmed Combat
 + Level 5.4 Spellcasting
 + Level 4.4 Conjurations
 + Level 4.4 Hexes
 + Level 4.4 Summonings
 + Level 4.4 Necromancy
 + Level 4.4 Translocations
 + Level 4.4 Fire Magic
 + Level 4.4 Ice Magic
 + Level 4.4 Air Magic
 + Level 4.4 Earth Magic
 + Level 4.4 Alchemy
 + Level 5.9 Invocations
 + Level 5.4 Evocations
 + Level 8.3 Shapeshifting


You had 16 spell levels left.
You knew the following spells:

 Your Spells              Type           Power      Damage    Failure   Level
a - Tukima's Dance        Hex            21%        N/A       2%          3

Your spell library contained the following spells:

 Spells                   Type           Power      Damage    Failure   Level
 Dimensional Bullseye     Hex/Tloc       10%        N/A       9%          4
 Iskenderun's Mystic Bla  Conj/Tloc      21%        2d6       9%          4


Dungeon Overview and Level Annotations

Branches:
Dungeon (7/15)             Temple (1/1) D:4          Bailey (1/1)

Altars:
Ashenzari
Cheibriados
Dithmenos
Elyvilon
Fedhas
Gozag
Hepliaklqana
Makhleb
Nemelex Xobeh
Okawaru
Qazlal
Ru
Sif Muna
Trog
Uskayaw
Vehumet
Wu Jian
Xom
Yredelemnul
Zin
The Shining One

Shops:
D:3 (

Annotations:
Bailey Prince Ribbit


Innate Abilities, Weirdness & Mutations

You are a hulking beast.
Your limbs bulge with bestial killing power. (Slay +4)
You have very sharp teeth.
Your uncanny sense of smell can sniff out nearby items.
Your experience applies equally to all skills.


Message History

As you read the scroll labelled RUOLEBIRGHY, it crumbles to dust.
It was a scroll of blinking.
Unknown command.
Unknown command.
There is an open door here.
You open the door.
Prince Ribbit and a vault guard come into view.
Found four items.
Found a gate leading back out of this place.
Found three items.
There is an open door here.
The vault guard shouts!
Prince Ribbit gives a loud, deep croak!
You punch Prince Ribbit!
Prince Ribbit is moderately wounded.
Prince Ribbit closely misses you.
You spin and attack Prince Ribbit.
You punch Prince Ribbit! Your bite misses Prince Ribbit.
Prince Ribbit is heavily wounded.
Prince Ribbit hits you! The vault guard barely misses you.
Prince Ribbit hits you.
Aiming: Wall Jump
Press: ? - help, Dir - move target You repeatedly attack the vault guard from above.
You closely miss the vault guard. You completely miss the vault guard.
Prince Ribbit winks and puckers his lips.
The vault guard hits you with a +0 broad axe!
Prince Ribbit hits you!
The vault guard hits you but does no damage.
Aiming: Wall Jump
Press: ? - help, Dir - move target You repeatedly attack the vault guard from above.
You closely miss the vault guard.
You hit the vault guard but do no damage.
You barely miss the vault guard.
You bite the vault guard, but do no damage.
Prince Ribbit blinks!
The vault guard hits you with a +0 broad axe!!
* * * LOW HITPOINT WARNING * * *
The vault guard hits you with a +0 broad axe!!
You die...

##....#######
##..###≈≈≈≈≈###
.#'##≈≈~~~~~≈≈##
...#≈~~~~~~~~~≈##
...##≈~~†~~~~~~≈#
#####≈~.......~#######
.#≈≈≈~...~~.~.##....?##
†#............#°○○.F$!#
.'..~~~~~.....'°h○...?#
.#~~≈≈≈≈~~....#○○p°.?!#
.#≈≈####≈≈~...##.§..?##
#####..###≈~..~#######
#...~##≈.~~~#
#~...~#≈.~~##
##~~..#≈.~## ###~.'.###
######


You could see a vault guard and Prince Ribbit.

Vanquished Creatures
  A vault guard (Bailey)
  Grinder (D:3)
  7 humans (Bailey)
  A water moccasin (D:5)
  A sky beast (D:7)
  A black bear (D:5)
  3 orc warriors
  2 ogres
  4 centaurs (D:5)
  A phantom (D:6)
  14 bullfrogs
  A gnoll sergeant (D:3)
  A howler monkey (D:4)
  A hound (D:5)
  2 jellies
  A gnoll bouda (D:4)
  3 orc priests
  Ijyb (D:3)
  An iguana (D:6)
  An orc wizard (D:3)
  Robin (D:3)
  10 gnolls
  4 adders
  2 bombardier beetles
  A worm (D:4)
  3 dart slugs
  6 orcs
  6 ball pythons
  6 endoplasms
  2 giant cockroaches
  18 goblins
  7 hobgoblins
  6 jackals
  2 quokkas
  4 bats
  A frilled lizard (D:2)
  5 kobolds
  2 rats (D:1)
134 creatures vanquished.

Vanquished Creatures (others)
  A dancing weapon (D:5)
1 creature vanquished.

Grand Total: 135 creatures vanquished

Notes
Turn   | Place    | Note
-------+----------+-------------------------------------------
     0 | D:1      | jlumianski the Gnoll Shapeshifter began the quest for the
                  | Orb.
     0 | D:1      | Reached XP level 1. HP: 17/17 MP: 1/1
   121 | D:1      | Reached XP level 2. HP: 23/23 MP: 2/2
   563 | D:1      | Reached XP level 3. HP: 28/28 MP: 3/3
  1336 | D:2      | Found a snail-covered altar of Cheibriados.
  1416 | D:3      | Reached skill level 1 in Invocations
  1455 | D:3      | Found an opulent altar of Gozag.
  1479 | D:3      | Reached skill level 1 in Short Blades
  1479 | D:3      | Reached skill level 1 in Long Blades
  1479 | D:3      | Reached skill level 1 in Axes
  1479 | D:3      | Reached skill level 1 in Maces & Flails
  1479 | D:3      | Reached skill level 1 in Polearms
  1479 | D:3      | Reached skill level 1 in Staves
  1479 | D:3      | Reached skill level 1 in Ranged Weapons
  1479 | D:3      | Reached skill level 1 in Throwing
  1479 | D:3      | Reached skill level 1 in Armour
  1479 | D:3      | Reached skill level 1 in Stealth
  1479 | D:3      | Reached skill level 1 in Shields
  1479 | D:3      | Reached skill level 1 in Spellcasting
  1479 | D:3      | Reached skill level 1 in Evocations
  1536 | D:3      | Found an iron altar of Okawaru.
  1536 | D:3      | Found a runed translucent door.
  1544 | D:3      | Noticed a gnoll sergeant
  1545 | D:3      | Found the +0 toga "Victory" {*Victory Clar}
  1547 | D:3      | Reached XP level 4. HP: 34/34 MP: 5/5
  1553 | D:3      | Noticed Grinder
  1561 | D:3      | Paralysed by Grinder for 5 turns
  1567 | D:3      | Killed Grinder
  1568 | D:3      | Reached skill level 5 in Dodging
  1568 | D:3      | Reached skill level 1 in Conjurations
  1568 | D:3      | Reached skill level 1 in Hexes
  1568 | D:3      | Reached skill level 1 in Summonings
  1568 | D:3      | Reached skill level 1 in Necromancy
  1568 | D:3      | Reached skill level 1 in Translocations
  1568 | D:3      | Reached skill level 1 in Fire Magic
  1568 | D:3      | Reached skill level 1 in Ice Magic
  1568 | D:3      | Reached skill level 1 in Air Magic
  1568 | D:3      | Reached skill level 1 in Earth Magic
  1568 | D:3      | Reached skill level 1 in Alchemy
  1568 | D:3      | Reached XP level 5. HP: 41/41 MP: 5/7
  1568 | D:3      | Reached XP level 6. HP: 47/47 MP: 5/8
  1804 | D:2      | Identified a scroll of acquirement
  1805 | D:2      | Acquired a +4 ring of protection
  2118 | D:4      | Found a staircase to the Ecumenical Temple.
  2131 | Temple   | Entered the Ecumenical Temple
  2164 | Temple   | Became a worshipper of the Wu Jian Council
  2252 | D:3      | Noticed Ijyb
  2293 | D:3      | Killed Ijyb
  2298 | D:3      | Noticed Robin
  2304 | D:3      | Killed Robin
  2467 | D:3      | Found Plog's Antique Weapon Emporium.
  2528 | D:3      | Found a shadowy altar of Dithmenos.
  2969 | D:3      | HP: 1/47 [gnoll sergeant/+0 spear (8)]
  3279 | D:2      | Reached XP level 7. HP: 44/52 MP: 10/10
  3544 | D:4      | Learned a level 3 spell: Tukima's Dance
  3878 | D:5      | Entered Level 5 of the Dungeon
  4004 | D:5      | Reached * piety under Wu Jian
  4187 | D:4      | Reached XP level 8. HP: 28/60 MP: 1/12
  4342 | D:5      | Found a radiant altar of Vehumet.
  4382 | D:5      | Found a sacrificial altar of Ru.
  5223 | D:7      | Reached XP level 9. HP: 67/67 MP: 6/15
  5343 | D:7      | Found a flagged portal.
  5391 | Bailey   | Entered a bailey
  5399 | Bailey   | Reached skill level 5 in Fighting
  5414 | Bailey   | Reached ** piety under Wu Jian
  5423 | Bailey   | Reached skill level 5 in Invocations
  5489 | Bailey   | Reached skill level 5 in Short Blades
  5489 | Bailey   | Reached skill level 5 in Long Blades
  5489 | Bailey   | Reached skill level 5 in Axes
  5489 | Bailey   | Reached skill level 5 in Maces & Flails
  5489 | Bailey   | Reached skill level 5 in Polearms
  5489 | Bailey   | Reached skill level 5 in Staves
  5489 | Bailey   | Reached skill level 5 in Ranged Weapons
  5489 | Bailey   | Reached skill level 5 in Throwing
  5489 | Bailey   | Reached skill level 5 in Armour
  5489 | Bailey   | Reached skill level 5 in Stealth
  5489 | Bailey   | Reached skill level 5 in Shields
  5489 | Bailey   | Reached skill level 5 in Spellcasting
  5489 | Bailey   | Reached skill level 5 in Evocations
  5489 | Bailey   | Reached XP level 10. HP: 15/76 MP: 17/17
  5793 | Bailey   | Noticed a vault guard
  5833 | Bailey   | Killed a vault guard
  5917 | Bailey   | Noticed Prince Ribbit
  5917 | Bailey   | Noticed a vault guard
  5925 | Bailey   | Mangled by a vault guard

Illustrated notes

Levels and vault maps discovered:
D:1:      sevenhm_arrival_forest_fort_large_4, layout_basic
D:2:      layout_rooms, basic_altar
D:3:      layout_basic, nicolae_gozag_seed_capital,
          nicolae_overflow_guarded_unrand_okawaru_victory,
          grunt_dithmenos_smoke_and_mirrors, serial_shops, shop,
          nicolae_goblin_pals, uniq_grinder
D:4:      layout_loops_cross, minmay_temple_entry_statues_fountains
D:5:      layout_loops_ring, lemuel_doored_altar, hangedman_ru_absence,
          minmay_misc_feat_secret_circle
D:6:      layout_cave_pods, kiku_gazebo_garden_becter
D:7:      layout_loops_cross, enter_bailey_5, minmay_door_square,
          minmay_three_doors
Temple:   nicolae_temple_slightly_damp_pantheon
Bailey:   bailey_axe_froggy_fort_hellmonk, bailey

Skill      XL: |  1  2  3  4  5  6  7  8  9 10 |
---------------+-------------------------------+-----
Invocations    | 1 2 3 4 5 |  5.9
Short Blades   | 1 2 3 4 5 |  5.4
Long Blades    | 1 2 3 4 5 |  5.4
Axes           | 1 2 3 4 5 |  5.4
Maces & Flails | 1 2 3 4 5 |  5.4
Polearms       | 1 2 3 4 5 |  5.4
Staves         | 1 2 3 4 5 |  5.4
Ranged Weapons | 1 2 3 4 5 |  5.4
Throwing       | 1 2 3 4 5 |  5.4
Armour         | 1 2 3 4 5 |  5.4
Stealth        | 1 2 3 4 5 |  5.4
Shields        | 1 2 3 4 5 |  5.4
Spellcasting   | 1 2 3 4 5 |  5.4
Evocations     | 1 2 3 4 5 |  5.4
Fighting       | 3 4 5 6 |  6.0
Dodging        | 5 6 7 |  7.2
Conjurations   | 1 2 3 4 |  4.4
Hexes          | 1 2 3 4 |  4.4
Summonings     | 1 2 3 4 |  4.4
Necromancy     | 1 2 3 4 |  4.4
Translocations | 1 2 3 4 |  4.4
Fire Magic     | 1 2 3 4 |  4.4
Ice Magic      | 1 2 3 4 |  4.4
Air Magic      | 1 2 3 4 |  4.4
Earth Magic    | 1 2 3 4 |  4.4
Alchemy        | 1 2 3 4 |  4.4
Unarmed Combat | 7 8 |  8.6
Shapeshifting  | 7 8 |  8.3

Action                     |  1- 3 |  4- 6 |  7- 9 | 10-12 || total
---------------------------+-------+-------+-------+-------++-------
  Melee: Unarmed           |    57 |    86 |   215 |    38 ||   396
         Punch             |     3 |     2 |    16 |     1 ||    22
         Bite              |     1 |     6 |    27 |     4 ||    38
   Cast: Tukima's Dance    |       |       |    14 |     1 ||    15
Ability: Lunge             |       |     7 |    26 |       ||    33
         Whirlwind         |       |       |     8 |     3 ||    11
         Wall Jump         |       |       |     7 |    13 ||    20
  Evoke: Wand              |       |     1 |     4 |     1 ||     6
    Use: Scroll            |       |     3 |     6 |     1 ||    10
   Stab: Sleeping          |       |       |     7 |       ||     7
 Armour: Animal skin       |    10 |       |       |       ||    10
         Ring mail         |    11 |       |       |       ||    11
         Plate armour      |    22 |    79 |     6 |       ||   107
         Skin              |       |     2 |       |       ||     2
         Robe              |       |       |   100 |    25 ||   125
  Dodge: Dodged            |    22 |    20 |   105 |    27 ||   174
  Block: Other             |       |       |    29 |     8 ||    37
         Reflection        |       |       |     3 |       ||     3

Table legend: (Time is in decaauts)
 A = Elapsed time spent in this place.
 B = Non-inter-level travel time spent in this place.
 C = Inter-level travel time spent in this place.
 D = Time resting spent in this place.
 E = Time spent auto-exploring this place.
 F = Levels seen in this place.
 G = Mean time per level.
                   A        B        C        D        E       F      G
               +--------+--------+--------+--------+--------+-----+--------+
         Total |   5928 |   5829 |     99 |    592 |   2645 |   9 |  658.7 |
       Dungeon |   5329 |   5230 |     99 |    381 |   2645 |   7 |  761.3 |
        Temple |     52 |     52 |      0 |      0 |      0 |   1 |   52.0 |
        Bailey |    546 |    546 |      0 |    211 |      0 |   1 |  546.0 |
               +--------+--------+--------+--------+--------+-----+--------+

Top non-repeatable levels by time:
     D:3: 1373 daAuts
     D:1: 1075 daAuts
     D:5: 917 daAuts
     D:2: 821 daAuts
     D:4: 716 daAuts
  Bailey: 546 daAuts
     D:7: 246 daAuts
     D:6: 178 daAuts
  Temple: 52 daAuts
